 Seeded DCSS version 0.27-a0-978-g2aa4ecdaef (webtiles) character file.

Game seed: 12246631163096203030 (custom seed)

3422 flotson the Blocker (level 10, 0/80 HPs)
             Began as a Gnoll Fighter on Apr 14, 2021.
             Was a Priest of Fedhas.
             Slain by a two-headed ogre
             ... wielding a +0 giant club
              (11 damage)
             ... on level 8 of the Dungeon.
             The game lasted 00:11:30 (6541 turns).

flotson the Blocker (Gnoll Fighter)                 Turns: 6541, Time: 00:11:31

Health: 0/80       AC: 19    Str: 20    XL:     10   Next: 5%
Magic:  14/17      EV:  8    Int:  7    God:    Fedhas [***...]
Gold:   335        SH: 11    Dex: 11    Spells: 18/18 levels left

rFire    + . .     SeeInvis .   a - +2 broad axe (vamp)
rCold    . . .     Faith    .   c - +0 kite shield
rNeg     . . .     Spirit   .   z - +1 chain mail {rF+}
rPois    .         Reflect  .   (no helmet)
rElec    .         Harm     .   p - +0 cloak
rCorr    .         Rampage  .   (no gloves)
Will     +....                  x - +1 pair of boots
Stlth    ..........             l - amulet of regeneration
HPRegen  1.23/turn              m - ring of willpower
MPRegen  0.15/turn              D - +4 ring of protection

@: no status effects
A: fangs 1, strong nose, distributed training
a: Renounce Religion, Wall of Briars, Grow Ballistomycete


You were on level 8 of the Dungeon.
You worshipped Fedhas.
Fedhas was most pleased with you.
You visited 2 branches of the dungeon, and saw 9 of its levels.

You collected 335 gold pieces.

Inventory:

Hand Weapons
 a - a +2 vampiric broad axe (weapon)
Missiles
 e - 17 boomerangs of dispersal (quivered)
 o - 35 poisoned darts
 v - 4 boomerangs
Armour
 c - a +0 kite shield (worn)
 p - a +0 cloak (worn)
 x - a +1 pair of boots (worn)
 z - a +1 chain mail of fire resistance (worn)
Jewellery
 g - a ring of flight
 l - an amulet of regeneration (around neck)
 m - a ring of willpower (left hand)
 D - a +4 ring of protection (right hand)
Wands
 s - a wand of digging (3)
 w - a wand of paralysis (12)
 y - a wand of flame (9)
Scrolls
 f - 3 scrolls of blinking {unknown}
 h - 3 scrolls of magic mapping {unknown}
 i - 3 scrolls of teleportation {unknown}
 n - 3 scrolls of amnesia {unknown}
 r - 2 scrolls of enchant armour {unknown}
 t - 2 scrolls of noise {unknown}
 u - a scroll of silence {unknown}
 A - 2 scrolls of summoning {unknown}
 B - 2 scrolls of vulnerability {unknown}
Potions
 b - a potion of heal wounds
 d - a potion of might
 j - 3 potions of lignification
 k - a potion of berserk rage
 q - 2 potions of mutation
 C - a potion of curing
 E - a potion of attraction {unknown}


   Skills:
 + Level 8.2 Fighting
 + Level 4.8 Short Blades
 + Level 4.8 Long Blades
 + Level 6.7 Axes
 + Level 4.8 Maces & Flails
 + Level 4.8 Polearms
 + Level 4.8 Staves
 + Level 4.8 Slings
 + Level 4.8 Bows
 + Level 4.8 Crossbows
 + Level 4.8 Throwing
 + Level 8.2 Armour
 + Level 4.8 Dodging
 + Level 4.8 Stealth
 + Level 8.2 Shields
 + Level 4.8 Unarmed Combat
 + Level 4.8 Spellcasting
 + Level 4.0 Conjurations
 + Level 4.0 Hexes
 + Level 4.0 Summonings
 + Level 4.0 Necromancy
 + Level 4.0 Translocations
 + Level 4.0 Transmutations
 + Level 4.0 Fire Magic
 + Level 4.0 Ice Magic
 + Level 4.0 Air Magic
 + Level 4.0 Earth Magic
 + Level 4.0 Poison Magic
 + Level 5.3 Invocations
 + Level 4.8 Evocations


You had 18 spell levels left.
You didn't know any spells.
Your spell library contained the following spells:

 Spells                   Type           Power      Damage    Failure   Level
 Animate Skeleton         Necr           14%        N/A       71%         1
 Freeze                   Ice            28%        1d5       71%         1
 Pain                     Necr           28%        1d5       71%         1
 Frozen Ramparts          Ice            14%        1d3       97%         3
 Ozocubu's Armour         Ice            7%         N/A       97%         3
 Vampiric Draining        Necr           3%         2d6       97%         3
 Animate Dead             Necr           3%         N/A       100%        4
 Hailstorm                Conj/Ice       7%         3d4       100%        4
 Agony                    Necr           7%         N/A       100%        5
 Metabolic Englaciation   Hex/Ice        3%         N/A       100%        5


Dungeon Overview and Level Annotations

Branches:
Dungeon (8/15)             Temple (1/1) D:4
   Lair: D:8-11

Altars:
Cheibriados
Dithmenos
Fedhas
Gozag
Makhleb
Nemelex Xobeh
Ru
Uskayaw
Yredelemnul
Zin
The Shining One

Shops:
D:1 =


Innate Abilities, Weirdness & Mutations

You have very sharp teeth.
Your uncanny sense of smell can sniff out nearby items.
Your experience applies equally to all skills.


Message History

The poisoned dart barely misses the two-headed ogre.
You feel yourself speed up.
You barely miss the two-headed ogre.
The two-headed ogre hits you but does no damage.
The two-headed ogre hits you with a +0 giant club.
You barely miss the two-headed ogre. The two-headed ogre closely misses you.
The two-headed ogre hits you with a +0 giant club!
You barely miss the two-headed ogre. The two-headed ogre barely misses you.
You block the two-headed ogre's attack. The two-headed ogre closely misses you.
You block the two-headed ogre's attack.
You closely miss the two-headed ogre.
The two-headed ogre hits you with a +0 giant club.
You block the two-headed ogre's attack.
You slash the two-headed ogre!
The two-headed ogre is moderately wounded.
The two-headed ogre hits you with a +0 giant club!!
The two-headed ogre hits you with a +0 giant club!
You barely miss the two-headed ogre.
The two-headed ogre is moderately wounded.
The two-headed ogre hits you but does no damage.
The two-headed ogre barely misses you.
You slash the two-headed ogre!
You feel better.
The two-headed ogre is moderately wounded.
The two-headed ogre hits you with a +0 giant club!!
* * * LOW HITPOINT WARNING * * *
The two-headed ogre hits you with a +0 giant club!
* * * LOW HITPOINT WARNING * * *
You hit the two-headed ogre but do no damage.
The two-headed ogre is moderately wounded.
Your briar patch disappears in a puff of smoke! x2
You block the two-headed ogre's attack. The two-headed ogre barely misses you.
Throw: 18 boomerangs (disperse)
Press: ? - help, Q - select action, (/) - cycle Shift-Dir - straight line, f/p - two-headed ogre
Aim: a two-headed ogre, wielding two +0 giant clubs (moderately wounded, ally target, 77% to hit)
You throw a boomerang of dispersal.
The boomerang of dispersal barely misses the two-headed ogre.
Your briar patch disappears in a puff of smoke!
The two-headed ogre hits you with a +0 giant club!
You die...
Fedhas appreciates your contribution to the ecosystem.

............###
.........(...
#.........#
######........#
......†...(..#
#####§P...(##
#.P...##
#§...## #@O.##
###.+ ###


You could see a two-headed ogre (ally target).

Vanquished Creatures
  Sigmund (D:5)
  A wraith (D:8)
  Edmund (D:5)
  A water moccasin (D:8)
  A sky beast (D:6)
  Duvessa (D:6)
  A black bear (D:6)
  2 ice beasts (D:7)
  2 orc warriors
  A necrophage (D:6)
  An ogre (D:6)
  A phantom (D:5)
  Blork the orc (D:5)
  3 kobold brigands (D:7)
  4 bullfrogs
  A wyvern skeleton (D:7)
  2 scorpions (D:5)
  Dowan (D:6)
  A killer bee (D:8)
  A howler monkey (D:5)
  2 bullfrog zombies (D:7)
  2 hounds
  Crazy Yiuf (D:2)
  2 centaur zombies
  2 orc priests
  A bullfrog skeleton (D:6)
  2 jellies
  A centaur skeleton (D:4)
  6 iguanas
  Ijyb (D:4)
  3 orc wizards
  A killer bee zombie (D:7)
  Robin (D:4)
  10 gnolls
  6 adders
  2 shadow imps
  2 white imps
  3 ufetubi
  2 adder skeletons (D:4)
  4 worms
  A dart slug (D:2)
  12 orcs
  10 ball pythons
  11 endoplasms
  A giant cockroach (D:2)
  14 goblins
  5 hobgoblins
  7 jackals
  8 quokkas
  A bat (D:3)
  4 frilled lizards
  7 kobolds
  4 rats
167 creatures vanquished.

Vanquished Creatures (collateral kills)
  8 killer bees
  A ballistomycete spore (D:8)
9 creatures vanquished.

Vanquished Creatures (others)
  29 plants (D:4)
29 creatures vanquished.

Grand Total: 205 creatures vanquished

Notes
Turn   | Place    | Note
-------+----------+-------------------------------------------
     0 | D:1      | flotson the Gnoll Fighter began the quest for the Orb.
     0 | D:1      | Reached XP level 1. HP: 23/23 MP: 1/1
    40 | D:1      | Reached XP level 2. HP: 5/29 MP: 2/2
   318 | D:1      | Found Xoerehik's Jewellery Shop.
  1059 | D:2      | Reached XP level 3. HP: 35/35 MP: 3/3
  1193 | D:2      | Reached skill level 1 in Invocations
  1227 | D:2      | Reached skill level 1 in Short Blades
  1227 | D:2      | Reached skill level 1 in Long Blades
  1227 | D:2      | Reached skill level 1 in Maces & Flails
  1227 | D:2      | Reached skill level 1 in Polearms
  1227 | D:2      | Reached skill level 1 in Staves
  1227 | D:2      | Reached skill level 1 in Slings
  1227 | D:2      | Reached skill level 1 in Bows
  1227 | D:2      | Reached skill level 1 in Crossbows
  1227 | D:2      | Reached skill level 1 in Throwing
  1227 | D:2      | Reached skill level 1 in Dodging
  1227 | D:2      | Reached skill level 1 in Stealth
  1227 | D:2      | Reached skill level 1 in Unarmed Combat
  1227 | D:2      | Reached skill level 1 in Spellcasting
  1227 | D:2      | Reached skill level 1 in Evocations
  1243 | D:2      | Reached XP level 4. HP: 26/41 MP: 5/5
  1360 | D:2      | Found a runed translucent door.
  1361 | D:2      | Noticed Crazy Yiuf
  1370 | D:2      | Killed Crazy Yiuf
  1371 | D:2      | Reached skill level 1 in Conjurations
  1371 | D:2      | Reached skill level 1 in Hexes
  1371 | D:2      | Reached skill level 1 in Summonings
  1371 | D:2      | Reached skill level 1 in Necromancy
  1371 | D:2      | Reached skill level 1 in Translocations
  1371 | D:2      | Reached skill level 1 in Transmutations
  1371 | D:2      | Reached skill level 1 in Fire Magic
  1371 | D:2      | Reached skill level 1 in Ice Magic
  1371 | D:2      | Reached skill level 1 in Air Magic
  1371 | D:2      | Reached skill level 1 in Earth Magic
  1371 | D:2      | Reached skill level 1 in Poison Magic
  1476 | D:2      | Reached XP level 5. HP: 38/47 MP: 5/7
  2889 | D:4      | Found a staircase to the Ecumenical Temple.
  2898 | Temple   | Entered the Ecumenical Temple
  2905 | Temple   | Became a worshipper of Fedhas Madash
  2949 | D:4      | Noticed Robin
  2991 | D:3      | Reached XP level 6. HP: 53/53 MP: 8/8
  3005 | D:4      | Killed Robin
  3064 | D:4      | Reached * piety under Fedhas
  3374 | D:4      | Reached skill level 5 in Axes
  3659 | D:4      | Noticed Ijyb
  3663 | D:4      | Killed Ijyb
  3664 | D:4      | Reached XP level 7. HP: 55/59 MP: 10/10
  3894 | D:5      | Entered Level 5 of the Dungeon
  4081 | D:5      | Noticed Blork the orc
  4086 | D:5      | Reached ** piety under Fedhas
  4095 | D:5      | Killed Blork the orc
  4159 | D:5      | Noticed Edmund
  4171 | D:5      | Killed Edmund
  4172 | D:5      | Reached XP level 8. HP: 51/67 MP: 12/12
  4339 | D:5      | Noticed Sigmund
  4364 | D:5      | Killed Sigmund
  5390 | D:6      | Reached XP level 9. HP: 72/72 MP: 14/14
  5396 | D:6      | Found an opulent altar of Gozag.
  5807 | D:7      | Noticed Duvessa
  5807 | D:7      | Noticed Dowan
  5912 | D:6      | Killed Duvessa
  5912 | D:6      | Reached *** piety under Fedhas
  5925 | D:6      | Killed Dowan
  6147 | D:7      | Reached skill level 5 in Invocations
  6520 | D:8      | Reached XP level 10. HP: 75/80 MP: 17/17
  6527 | D:8      | Noticed a two-headed ogre
  6541 | D:8      | Slain by a two-headed ogre

Illustrated notes

Levels and vault maps discovered:
D:1:      kennysheep_arrival_forest, layout_rooms, serial_shops, shop,
          minmay_misc_feat_diagonals, minivault_23, nrook_campfire
D:2:      layout_basic, uniq_crazy_yiuf_cottage
D:3:      layout_loops_ring
D:4:      layout_basic, minmay_temple_entry_tees, serial_bayou,
          serial_bayou_ford_a, serial_bayou_pond_d, serial_bayou_shore_b,
          serial_bayou_lagoon_a, serial_bayou_pond_e, uniq_robin, uniq_ijyb
D:5:      layout_loops_ring, minmay_misc_feat_secret_circle, uniq_sigmund,
          uniq_blork_the_orc, uniq_edmund
D:6:      layout_basic, grunt_gozag_breadcrumbs
D:7:      layout_cave_pools, minmay_unpleasant_kobolds, uniq_duvessa
D:8:      layout_rooms, nzn_life_drinkers
Temple:   compressed_dpeg_triangle_lava_temple

Skill      XL: |  1  2  3  4  5  6  7  8  9 |
---------------+----------------------------+-----
Invocations    | 1 2 3 4 5 |  5.3
Short Blades   | 1 2 3 4 |  4.8
Long Blades    | 1 2 3 4 |  4.8
Maces & Flails | 1 2 3 4 |  4.8
Polearms       | 1 2 3 4 |  4.8
Staves         | 1 2 3 4 |  4.8
Slings         | 1 2 3 4 |  4.8
Bows           | 1 2 3 4 |  4.8
Crossbows      | 1 2 3 4 |  4.8
Throwing       | 1 2 3 4 |  4.8
Dodging        | 1 2 3 4 |  4.8
Stealth        | 1 2 3 4 |  4.8
Unarmed Combat | 1 2 3 4 |  4.8
Spellcasting   | 1 2 3 4 |  4.8
Evocations     | 1 2 3 4 |  4.8
Conjurations   | 1 2 3 4 |  4.0
Hexes          | 1 2 3 4 |  4.0
Summonings     | 1 2 3 4 |  4.0
Necromancy     | 1 2 3 4 |  4.0
Translocations | 1 2 3 4 |  4.0
Transmutations | 1 2 3 4 |  4.0
Fire Magic     | 1 2 3 4 |  4.0
Ice Magic      | 1 2 3 4 |  4.0
Air Magic      | 1 2 3 4 |  4.0
Earth Magic    | 1 2 3 4 |  4.0
Poison Magic   | 1 2 3 4 |  4.0
Axes           | 5 6 |  6.7
Fighting       | 7 8 |  8.2
Armour         | 7 8 |  8.2
Shields        | 7 8 |  8.2

Action                   |  1- 3 |  4- 6 |  7- 9 | 10-12 || total
-------------------------+-------+-------+-------+-------++-------
Melee: War axe           |    18 |       |       |       ||    18
       Dagger            |    57 |   254 |   145 |       ||   456
       Bite              |     4 |    30 |    54 |       ||    88
       Broad axe         |       |       |   224 |     8 ||   232
Throw: Dart              |       |     1 |    10 |     3 ||    14
       Boomerang         |       |       |       |     1 ||     1
Invok: Wall of Briars    |       |       |     4 |     1 ||     5
       Grow Ballistomyce |       |       |       |     1 ||     1
  Use: Scroll            |       |       |     7 |       ||     7
 Stab: Sleeping          |       |     2 |       |       ||     2
Armor: Scale mail        |    18 |       |       |       ||    18
       Leather armour    |     6 |   101 |    13 |       ||   120
       Chain mail        |       |       |   178 |     2 ||   180
Dodge: Dodged            |    19 |   115 |   125 |     5 ||   264
Block: Kite shield       |    40 |   192 |   232 |     4 ||   468

Table legend: (Time is in decaauts)
 A = Elapsed time spent in this place.
 B = Non-inter-level travel time spent in this place.
 C = Inter-level travel time spent in this place.
 D = Time resting spent in this place.
 E = Time spent auto-exploring this place.
 F = Levels seen in this place.
 G = Mean time per level.
                   A        B        C        D        E       F      G
               +--------+--------+--------+--------+--------+-----+--------+
         Total |   6734 |   6403 |    331 |    245 |   4534 |   9 |  748.2 |
       Dungeon |   6719 |   6395 |    324 |    245 |   4534 |   8 |  839.9 |
        Temple |     14 |      7 |      7 |      0 |      0 |   1 |   14.0 |
               +--------+--------+--------+--------+--------+-----+--------+

Top non-repeatable levels by time:
     D:2: 1347 daAuts
     D:4: 1013 daAuts
     D:6: 997 daAuts
     D:1: 967 daAuts
     D:5: 900 daAuts
     D:7: 748 daAuts
     D:3: 660 daAuts
     D:8: 84 daAuts
  Temple: 14 daAuts
